Map: Oxide LE

Players

Antis

  • Race: Zerg Zerg

MCanning - Winner!

  • Race: Protoss Protoss

VOD

Have the link to the VOD?

Description

Time

  • Played on: Oct. 10, 2021, 4:02 p.m.
  • Length: 10:37
Show
View Real Time Build Order
Export as new Build Order

Antis Zerg 

Build Orders: Hatch First, Lurkers 

Get SALT Encoding   

  12  0:00  Drone  
  13  0:12  Overlord  
  13  0:16  Drone  
  14  0:31  Drone x2  
  16  0:48  Hatchery  
  15  0:52  Drone  
  15  0:55  Drone  
  17  0:58  Drone  
  18  1:09  Extractor  
  17  1:13  Spawning Pool  
  17  1:17  Drone  
  17  1:20  Drone  
  18  1:28  Drone  
  19  1:40  Drone  
  20  1:49  Overlord  
  20  2:00  Zergling x2, Queen x2  
  20  2:01  Zergling x2  
  26  2:12  Metabolic Boost  
  26  2:13  Drone x2  
  28  2:22  Drone x2  
  30  2:37  Drone, Hatchery  
  30  2:40  Drone  
  31  2:45  Queen  
  33  2:52  Overlord  
  33  2:57  Drone x3  
  36  3:10  Overlord  
  36  3:12  Drone x4  
  40  3:19  Queen, Spore Crawler  
  39  3:22  Zergling x4  
  43  3:31  Queen  
  43  3:34  Spore Crawler  
  44  3:35  Drone  
  45  3:42  Drone x4  
  45  3:44  Zergling x2  
  45  3:46  Drone x2  
  52  3:50  Drone x2  
  52  3:52  Drone  
  55  3:56  Overlord  
  55  4:00  Overlord  
  55  4:08  Zergling x4  
  57  4:13  Drone  
  58  4:18  Overlord  
  58  4:19  Drone x6  
  64  4:25  Queen  
  66  4:32  Zergling x4  
  68  4:39  Lair  
  68  4:40  Extractor  
  68  4:41  Drone x3, Evolution Chamber, Roach Warren  
  68  4:45  Drone x3  
  71  4:47  Drone x2  
  72  4:53  Drone x4  
  72  4:58  Drone x3  
  74  5:05  Drone x3  
  77  5:08  Zerg Missile Weapons Level 1  
  77  5:11  Drone x2  
  77  5:12  Extractor  
  77  5:13  Extractor  
  79  5:21  Drone x4, Extractor  
  79  5:22  Hatchery  
  79  5:23  Spore Crawler, Overlord  
  79  5:25  Overlord  
  79  5:26  Extractor  
  77  5:34  Drone x3  
  80  5:37  Glial Reconstitution  
  80  5:38  Overlord  
  80  5:43  Drone x4, Hydralisk Den  
  80  5:45  Infestation Pit  
  82  5:50  Drone x6  
  88  5:59  Zergling x4  
  88  6:03  Zergling x8  
  94  6:05  Overlord  
  94  6:09  Hatchery, Roach x2  
  97  6:13  Roach x3  
  101  6:21  Drone x3  
  101  6:22  Hive  
  101  6:25  Lurker Den  
  103  6:28  Drone x3  
  106  6:33  Overlord x3  
  106  6:36  Extractor  
  106  6:37  Drone, Extractor  
  106  6:38  Drone x4  
  106  6:39  Overseer  
  109  6:45  Overlord  
  109  6:48  Overlord  
  109  6:49  Overlord x2  
  109  6:50  Drone x2  
  110  6:55  Drone  
  110  6:56  Drone x2, Spine Crawler, Spore Crawler  
  111  7:03  Drone x5  
  111  7:07  Zerg Missile Weapons Level 2  
  115  7:11  Drone x4, Evolution Chamber  
  115  7:12  Drone  
  115  7:14  Extractor  
  115  7:16  Roach x2  
  115  7:17  Roach  
  115  7:18  Zergling x2  
  115  7:19  Extractor  
  120  7:29  Drone x9  
  129  7:34  Seismic Spines  
  129  7:36  Hydralisk  
  129  7:37  Hydralisk x3  
  137  7:45  Hydralisk  
  137  7:46  Hydralisk x4  
  147  7:51  Spine Crawler  
  147  7:52  Overseer  
  146  8:02  Hydralisk x7, Lurker x4  
  164  8:18  Lurker x4  
  168  8:20  Overlord x2  
  168  8:21  Overlord  
  168  8:23  Zergling x14  
  175  8:29  Lurker x7  
  175  8:32  Overlord x2  
  179  8:48  Hydralisk x10  
  199  8:57  Overseer  
  199  9:02  Adaptive Talons  
  194  9:10  Pneumatized Carapace  
  186  9:19  Hydralisk x11  
  167  9:36  Zergling x2, Lurker x4  
  167  9:37  Zergling x44  
  167  9:38  Zergling x8  
  196  9:53  Roach x2  
  196  9:57  Hatchery  
  185  10:10  Hydralisk, Roach  
  185  10:11  Hydralisk, Zergling x6, Roach x3  
Show
View Real Time Build Order
Export as new Build Order

MCanning Protoss - Winner!

Build Orders: 1 Gate Expand, Oracle Opening 

Get SALT Encoding   

  12  0:00  Probe  
  13  0:12  Probe  
  14  0:19  Pylon  
  14  0:24  Probe  
  15  0:37  Gateway, Probe (Chrono Boost)  
  16  0:47  Probe (Chrono Boost)  
  16  0:48  Assimilator  
  17  0:52  Probe (Chrono Boost)  
  18  1:03  Probe  
  19  1:15  Probe  
  20  1:24  Nexus  
  20  1:34  Cybernetics Core  
  20  1:37  Probe  
  21  1:45  Assimilator  
  21  1:49  Probe  
  21  1:52  Pylon  
  22  2:00  Probe  
  22  2:07  Adept (Chrono Boost)  
  23  2:08  Probe  
  26  2:17  Probe  
  26  2:21  Stargate  
  27  2:27  Probe  
  28  2:30  Warp Gate  
  28  2:37  Probe (Chrono Boost)  
  28  2:39  Stalker  
  32  2:44  Probe (Chrono Boost)  
  32  2:49  Probe (Chrono Boost)  
  33  2:54  Probe x2 (Chrono Boost)  
  35  2:58  Void Ray (Chrono Boost)  
  35  3:03  Probe  
  35  3:04  Probe  
  41  3:16  Probe x2  
  41  3:17  Pylon  
  43  3:28  Probe x2  
  43  3:31  Gateway  
  45  3:38  Assimilator  
  45  3:39  Oracle (Chrono Boost)  
  45  3:40  Assimilator, Probe x2  
  47  3:47  Pylon  
  50  3:52  Probe x2  
  52  4:00  Robotics Facility  
  52  4:04  Probe x2  
  54  4:16  Void Ray (Chrono Boost), Probe x2  
  56  4:22  Nexus  
  56  4:23  Pylon  
  56  4:27  Sentry  
  62  4:41  Probe x2  
  64  4:47  Forge  
  64  4:48  Twilight Council  
  64  4:49  Adept  
  64  4:51  Adept  
  68  4:53  Probe x2  
  68  4:59  Shield Battery  
  70  5:05  Robotics Bay  
  70  5:14  Pylon  
  70  5:18  Pylon  
  70  5:20  Protoss Ground Weapons Level 1  
  70  5:25  Photon Cannon  
  70  5:27  Charge  
  70  5:32  Observer (Chrono Boost)  
  70  5:34  Probe x3 (Chrono Boost)  
  74  5:44  Templar Archives  
  74  5:45  Gateway  
  74  5:46  Probe (Chrono Boost)  
  74  5:47  Gateway, Sentry  
  74  5:49  Probe x2 (Chrono Boost)  
  79  5:51  Probe (Chrono Boost)  
  79  5:54  Disruptor (Chrono Boost)  
  79  5:56  Probe x2  
  82  5:58  Pylon  
  82  6:00  Probe  
  86  6:08  Probe x2  
  86  6:10  Assimilator  
  88  6:12  Probe, Pylon  
  88  6:14  Assimilator  
  88  6:20  Probe x2  
  88  6:24  Probe  
  88  6:25  Disruptor (Chrono Boost)  
  91  6:26  Gateway  
  91  6:27  Gateway  
  91  6:29  Gateway  
  94  6:32  Probe  
  94  6:33  Probe  
  96  6:40  Zealot x3  
  96  6:46  Photon Cannon  
  102  6:48  Pylon  
  102  6:51  Psionic Storm  
  102  6:53  Observer (Chrono Boost)  
  103  7:03  Probe  
  103  7:04  Pylon  
  103  7:06  Nexus  
  103  7:10  Probe  
  104  7:18  Observer  
  104  7:20  High Templar x2  
  109  7:23  Probe, Pylon  
  109  7:27  Photon Cannon  
  109  7:28  Protoss Ground Weapons Level 2 (Chrono Boost)  
  109  7:29  Photon Cannon  
  110  7:32  Shield Battery  
  110  7:33  Zealot x4  
  118  7:38  Shield Battery  
  118  7:45  Fleet Beacon  
  118  7:47  Photon Cannon, Stargate  
  118  7:48  Photon Cannon, Zealot  
  120  8:02  Photon Cannon, High Templar x2  
  120  8:03  Shield Battery  
  120  8:04  Pylon  
  124  8:05  Disruptor  
  124  8:10  Observer, Protoss Air Weapons Level 1 (Chrono Boost)  
  127  8:14  Zealot x4  
  127  8:19  Probe  
  136  8:21  Probe  
  136  8:24  Probe  
  138  8:31  Carrier (Chrono Boost)  
  138  8:39  Carrier (Chrono Boost)  
  142  8:44  Probe x2  
  142  8:46  Probe  
  142  8:47  Photon Cannon  
  147  9:02  Zealot x6  
  151  9:03  Zealot  
  151  9:04  Disruptor (Chrono Boost)  
  122  9:25  Carrier (Chrono Boost)  
  126  9:32  Disruptor  
  126  9:33  Probe  
  126  9:38  Probe (Chrono Boost), Stargate  
  131  9:40  Zealot x7, Assimilator  
  131  9:45  Assimilator  
  152  9:58  Probe (Chrono Boost)  
  157  10:04  Probe x2  
  158  10:07  Zealot x3  
  164  10:17  Pylon x2  
  164  10:19  Pylon  
  162  10:24  Zealot x3  
Tags
 
Add a new tag
Caveats
  • Supply blocks, unpowered buildings, or Contaminate may cause inaccurate times.
  • Supply counts are checked every 10 seconds.